 Dungeon Crawl Stone Soup version 0.23-b1-58-ge3fafae (webtiles) character file.

Game seed: 5801397149728488203

75 Truthflux the Skirmisher (level 4, -4/31 HPs)
             Began as a Gargoyle Monk on Feb 5, 2019.
             Slain by a gnoll (6 damage)
             ... on level 2 of the Dungeon.
             The game lasted 00:04:02 (1113 turns).

Truthflux the Skirmisher (Gargoyle Monk)            Turns: 1113, Time: 00:04:03

Health: -4/31      AC:  8    Str: 13 (16) XL:     4   Next: 31%
Magic:  4/4        EV: 11    Int:  8 (10) God:
Gold:   40         SH:  0    Dex:  8 (10) Spells: 3/3 levels left

rFire    . . .     SeeInvis .   a - +0 mace
rCold    . . .     Gourm    .   (no shield)
rNeg     + . .     Faith    .   e - +0 ring mail
rPois    ∞         Spirit   .   (no helmet)
rElec    +         Reflect  .   (no cloak)
rCorr    .         Harm     .   (no gloves)
MR       .....                  (no boots)
Stlth    +.........             (no amulet)
HPRegen  0.10/turn              (no ring)
MPRegen  0.09/turn              (no ring)

@: no status effects
A: big wings, clumsy 1, negative energy resistance 1, robust 1, electricity
resistance, unbreathing, petrification resistance, rot immunity, AC +3
a: Fly


You were on level 2 of the Dungeon.
You were not hungry.

You visited 1 branch of the dungeon, and saw 2 of its levels.

You collected 40 gold pieces.

Inventory:

Hand Weapons
 a - a +0 mace (weapon)
 i - a +0 short sword
Armour
 b - a +0 robe
 e - a +0 ring mail (worn)
Scrolls
 j - a scroll of immolation {unknown}
 k - 3 scrolls of identify {unknown}
 l - a scroll of remove curse {unknown}
 m - a scroll of teleportation {unknown}
 n - a scroll of random uselessness {unknown}
Potions
 d - a potion of degeneration
 h - a potion of might {unknown}
Comestibles
 c - 3 rations


   Skills:
 + Level 4.0 Fighting
 + Level 3.7 Maces & Flails
 * Level 1.6 Armour
 - Level 2.5 Dodging
 + Level 2.8 Stealth


You had 3 spell levels left.
You didn't know any spells.
Your spell library was empty.

Dungeon Overview and Level Annotations

Branches:
Dungeon (2/15)

Altars:


Innate Abilities, Weirdness & Mutations

You are resistant to torment.
Your stone body is resilient. (AC +3)
You are immune to poison.
You resist negative energy. (rN+)
You are resistant to electric shocks. (rElec)
You can survive without breathing.
You are immune to petrification.
You are immune to rotting.
Your large and strong wings let you fly indefinitely.
You are clumsy. (Dex -2)
You are robust. (+10% HP)


Message History

The gnoll barely misses you.
You hit the gnoll.
The gnoll is moderately wounded.
The gnoll hits you but does no damage. x3
It was a potion of degeneration.
There was something very wrong with that liquid.
You feel weakened.
You feel dopey.
You feel clumsy. The gnoll closely misses you.
The gnoll hits you but does no damage.
It was a potion of cancellation.
You feel magically purged. The gnoll barely misses you.
The gnoll hits you but does no damage.
It was a potion of mutation.
You feel extremely strange.
You feel clumsy.
Your wings grow larger and stronger.
You feel robust. The gnoll hits you but does no damage.
The gnoll barely misses you.
You hit the gnoll.
The gnoll is severely wounded.
The gnoll barely misses you. The gnoll closely misses you.
You closely miss the gnoll.
The gnoll is severely wounded.
The gnoll hits you.
You die...

### ..# # # #.#
#.#. #.# .....
#.##########
#.....#.##.......#
#.....)gg@....# .#
###.######.##.##.#
#.......# ####..###
##+# ##†# ##...##
#.# ##.....## ##.#
##.......## ##..#
#.........####...##


You could see 2 gnolls.

Vanquished Creatures
  A worker ant (D:2)
  A gnoll (D:2)
  3 leopard geckos (D:1)
  A ball python (D:2)
  3 bats (D:1)
  3 giant cockroaches (D:1)
  6 goblins
  5 hobgoblins
  6 kobolds
  2 frilled lizards
  7 rats
38 creatures vanquished.

Notes
Turn   | Place    | Note
-------+----------+-------------------------------------------
     0 | D:1      | Truthflux the Gargoyle Monk began the quest for the Orb.
     0 | D:1      | Reached XP level 1. HP: 14/14 MP: 1/1
   258 | D:1      | Reached XP level 2. HP: 19/19 MP: 2/2
   447 | D:1      | Reached XP level 3. HP: 20/24 MP: 3/3
   478 | D:1      | Reached skill level 1 in Armour
  1091 | D:2      | Reached skill level 4 in Fighting
  1091 | D:2      | Reached XP level 4. HP: 17/29 MP: 4/4
  1105 | D:2      | HP: 1/29 [gnoll/+1 spear of venom (2)]
  1111 | D:2      | Gained mutation: You are clumsy. (Dex -2) [potion of
                  | mutation]
  1111 | D:2      | Gained mutation: Your large and strong wings let you fly
                  | indefinitely. [potion of mutation]
  1111 | D:2      | Gained mutation: You are robust. (+10% HP) [potion of
                  | mutation]
  1113 | D:2      | Slain by a gnoll

Skill      XL: |  1  2  3 |
---------------+----------+-----
Armour         | 1 |  1.6
Fighting       | 4 |  4.0
Maces & Flails | |  3.7
Dodging        | |  2.5
Stealth        | |  2.8

Action                   |  1- 3 |  4- 6 || total
-------------------------+-------+-------++-------
Melee: Mace              |   118 |     8 ||   126
  Use: Potion            |       |     3 ||     3
 Stab: Sleeping          |     2 |       ||     2
  Eat: Chunk             |     1 |       ||     1
Armor: Robe              |    12 |       ||    12
       Ring mail         |    48 |     9 ||    57
Dodge: Dodged            |    97 |     8 ||   105
